Pick #1

Connor Bedard
Pick #2

Leo Carlsson
Pick #3

Adam Fantilli
Pick #4

Matvei Michkov
Pick #5

David Reinbacher
Pick #6

William Smith
Pick #7

Zachary Benson
Pick #8

Ryan Leonard
Pick #9

Gabriel Perreault
Pick #10

Axel Sandin-Pellika
Pick #11

Daniil But
Pick #12

Dalibor Dvorsky
Pick #13

Quentin Musty
Pick #14

Brayden Yager
Pick #15

Dmitry Simashev
Pick #16

Colby Barlow
Pick #17

Andrew Cristall
Pick #18

Easton Cowan
Pick #19

Jacob Fowler
Pick #20

Oliver Moore
Pick #21

Oliver Bonk
Pick #22

Tom Willander
Pick #23

Calum Ritchie
Pick #24

Tanner Molendyk
Pick #25

Gavin Brindley
Pick #26

Nate Danielson
Pick #27

Pick #28

Pick #29

Pick #30

Pick #31

Pick #32

Pick #33

Pick #34

Pick #35

Pick #36

Pick #37

Pick #38

Pick #39

Pick #40

Pick #41

Pick #42

Pick #43

Pick #44

Pick #45

Pick #46

Pick #47

Pick #48

Pick #49

Pick #50

Pick #51

Pick #52

Pick #53

Pick #54

Pick #55

Pick #56

Pick #57

Pick #58

Pick #59

Pick #60

Pick #61

Pick #62

Pick #63

Pick #64

Pick #65

Pick #66

Pick #67

Pick #68

Pick #69

Pick #70

Pick #71

Pick #72

Pick #73

Pick #74

Pick #75

Pick #76

Pick #77

Pick #78

Pick #79

Pick #80

Pick #81

Pick #82

Pick #83

Pick #84

Pick #85

Pick #86

Pick #87

Pick #88

Pick #89

Pick #90

Pick #91

Pick #92

Pick #93

Pick #94

Pick #95

Pick #96

Pick #97

Pick #98

Pick #99

Pick #100

Pick #101

Pick #102

Pick #103

Pick #104

Pick #105

Pick #106

Pick #107

Pick #108

Pick #109

Pick #110

Pick #111

Pick #112

Pick #113

Pick #114

Pick #115

Pick #116

Pick #117

Pick #118

Pick #119

Pick #120

Pick #121

Pick #122

Pick #123

Pick #124

Pick #125

Pick #126

Pick #127

Pick #128

Pick #129

Pick #130

Full Scoreboard »»

Jets vs Capitals

Created - November 17, 2023 at 23:11

Goals
1 2 3 T
Jets 0 2 1 3
Capitals 2 0 0 2
Shots
1 2 3 T
Jets 9 11 5 25
Capitals 10 8 5 23

GoalsPenalties
1st period
1. Capitals , Elias Pettersson 8 (Cody Ceci 7) at 2:12 (PP)
2. Capitals , Kevin Labanc 1 (Brad Hunt 4, Pavel Zacha 3) at 16:56
Dmitry Orlov (WPG) for Hooking (Minor) at 0:36
Michael Rasmussen (WSH) for Hooking (Minor) at 18:25
2nd period
3. Jets , Oliver Bjorkstrand 7 (Connor Murphy 5) at 8:20
4. Jets , Torey Krug 5 (Andre Burakovsky 9, Hampus Lindholm 12) at 12:08 (PP)
Quinton Byfield (WSH) for High sticking (Minor) at 2:40
Cody Ceci (WSH) for Holding (Minor) at 11:32
David Kampf (WSH) for Hooking (Minor) at 17:57
3rd period
5. Jets , Darren Helm 2 (Garnet Hathaway 2, Nate Schmidt 3) at 4:07
Jonas Siegenthaler (WSH) for Holding (Minor) at 7:28
Goalie Stats
Tristan Jarry (WPG), 21 saves from 23 shots - (0.913), W, 5-6-2, 60:00 minutes
Pyotr Kochetkov (WSH), 22 saves from 25 shots - (0.880), L, 0-8-2, 59:01 minutes
3 StarsOfficial
1 - Darren Helm (WPG)
2 - Kevin Labanc (WSH)
3 - Oliver Bjorkstrand (WPG)
Referees : Chris Schlenker and Terry Koharski
Linesman : Devin Berg and Jesse Marquis
Game Note
No Game Note
Finance
Level 1 -- Attendance: 2502 (38.49%) -- Ticket Income $625,500
Level 2 -- Attendance: 1668 (33.36%) -- Ticket Income $333,600
Level 3 -- Attendance: 1143 (32.66%) -- Ticket Income $200,025
Level 4 -- Attendance: 643 (25.66%) -- Ticket Income $96,450
Luxury Box -- Attendance: 421 (42.10%) -- Ticket Income $168,400
Game was played at the Verizon Center.
Total Attendance: 6377 (34.46%)
Total Ticket Income: $1,423,975
Other Income: $355,994
Total Income: $1,779,969



Team Name Goals Shots Shots Attemp Shots Blocked PIM HIT PP PK FO%
Jets 3255962111 / 5 (20%)146%
Capitals 22338510271 / 1 (100%)154%

Jets
Player Name POS G A P +/- PIM HIT SHT SB MP PP MP PP SHT PK MP PK SHT FO% FOT
Andre BurakovskyLW0110005022:074:4520:0000% 0
Andreas AthanasiouC0000022019:193:4700:58040% 25
Colin MillerD0001000013:530:0000:0000% 0
Connor MurphyD0110010116:580:4201:1000% 0
Darren HelmC101100107:540:0000:00030% 10
Dmitry OrlovD0000200224:173:2500:0000% 0
Garnet HathawayRW011101007:540:0000:000100% 1
Gustav NyquistC0000011015:120:0000:3800% 1
Hampus LindholmD0110001226:224:2511:0400% 0
Mark JankowskiC0000021010:400:0000:38050% 12
Nate SchmidtD0111010017:183:2500:0000% 0
Nick SchmaltzC0000022022:074:4510:00052% 29
Oliver BjorkstrandRW1010012017:443:4700:00050% 2
Oskar SundqvistC0000000110:020:0000:000100% 2
Reilly SmithRW0000005023:424:4500:5800% 1
Thomas NovakC000100007:540:0000:0000% 0
Torey KrugD1010003021:115:0720:5800% 0
Victor OlofssonLW0000002013:493:4700:0000% 0
Capitals
Player Name POS G A P +/- PIM HIT SHT SB MP PP MP PP SHT PK MP PK SHT FO% FOT
Ben HuttonD000-1020214:570:0001:0000% 0
Brad HuntD0111030019:291:0603:5800% 0
Christian FischerRW000-1000115:540:0000:0000% 0
Cody CeciD011-1212026:330:3004:3400% 0
David KampfC000-1210213:560:0000:0000% 0
Elias PetterssonC101-1034026:110:3015:58059% 34
Jonas SiegenthalerD0001240018:281:0602:5800% 0
Jordan GreenwayLW0001023015:201:0600:0000% 1
Kaapo KakkoRW000-1033021:230:3002:1700% 0
Kevin LabancRW1011015015:201:0600:00050% 2
Matias MaccelliLW000-1022019:200:3000:1400% 0
Michael RasmussenC000-1220017:410:0001:48060% 20
Morgan FrostC000000000:000:0000:0000% 0
Noah DobsonD000-1001026:340:3004:3400% 0
Pavel ZachaC0111002022:091:0605:41048% 23
Quinton ByfieldC000-1231017:040:0000:03033% 3
Tyler JohnsonC000000000:010:0000:0000% 0
Vinnie HinostrozaC000000001:030:0001:0300% 0



Play-by-Play

1st period


0:01 of 1st period - Elias Pettersson wins face-off versus Nick Schmaltz in neutral zone.
0:36 of 1st period - Minor Penalty to Dmitry Orlov for Hooking.
0:37 of 1st period - Andreas Athanasiou wins face-off versus Pavel Zacha in Jets zone.
0:51 of 1st period - Icing by Pavel Zacha.
0:52 of 1st period - Mark Jankowski wins face-off versus Pavel Zacha in Capitals zone.
1:21 of 1st period - Shot by Pavel Zacha.
1:21 of 1st period - Shot Misses the Net.
1:23 of 1st period - Shot by Pavel Zacha.
1:23 of 1st period - Shot Misses the Net.
2:10 of 1st period - Shot by Cody Ceci.
2:10 of 1st period - Shot Hit the Post.
2:12 of 1st period - Shot by Elias Pettersson.
2:12 of 1st period - Goal by Elias Pettersson - Jets : 0 - Capitals : 1.
2:13 of 1st period - Michael Rasmussen wins face-off versus Darren Helm in neutral zone.
2:35 of 1st period - Off-side.
2:36 of 1st period - Mark Jankowski wins face-off versus Elias Pettersson in neutral zone.
2:45 of 1st period - Shot by Elias Pettersson.
2:45 of 1st period - Stopped by Tristan Jarry without a rebound.
2:46 of 1st period - Pavel Zacha wins face-off versus Andreas Athanasiou in Jets zone.
3:11 of 1st period - Shot by Jordan Greenway.
3:11 of 1st period - Stopped by Tristan Jarry without a rebound.
3:12 of 1st period - Oskar Sundqvist wins face-off versus Elias Pettersson in Jets zone.
3:27 of 1st period - Shot by Victor Olofsson.
3:27 of 1st period - Stopped by Pyotr Kochetkov without a rebound.
3:28 of 1st period - Nick Schmaltz wins face-off versus Pavel Zacha in Capitals zone.
3:33 of 1st period - Shot by Andre Burakovsky.
3:33 of 1st period - Shot Misses the Net.
3:42 of 1st period - Icing by Dmitry Orlov.
3:43 of 1st period - Nick Schmaltz wins face-off versus Elias Pettersson in Jets zone.
4:04 of 1st period - Shot by Elias Pettersson.
4:04 of 1st period - Deflect By Matias Maccelli.
4:04 of 1st period - Stopped by Tristan Jarry with a rebound.
4:06 of 1st period - Shot by Elias Pettersson.
4:06 of 1st period - Shot Blocked by Hampus Lindholm.
4:34 of 1st period - Icing by Dmitry Orlov.
4:35 of 1st period - Pavel Zacha wins face-off versus Nick Schmaltz in Jets zone.
4:40 of 1st period - Shot by Jordan Greenway.
4:40 of 1st period - Stopped by Tristan Jarry without a rebound.
4:41 of 1st period - Andreas Athanasiou wins face-off versus Jordan Greenway in Jets zone.
4:59 of 1st period - Gustav Nyquist is hit by Jonas Siegenthaler and loses puck.
5:07 of 1st period - Icing by Kevin Labanc.
5:08 of 1st period - Oskar Sundqvist wins face-off versus Kevin Labanc in Capitals zone.
5:25 of 1st period - Victor Olofsson is hit by Kevin Labanc and loses puck.
5:33 of 1st period - Mark Jankowski is hit by Jonas Siegenthaler.
5:49 of 1st period - David Kampf is hit by Mark Jankowski and loses puck.
6:26 of 1st period - Andreas Athanasiou is hit by David Kampf and loses puck.
7:40 of 1st period - Icing by Dmitry Orlov.
7:41 of 1st period - Pavel Zacha wins face-off versus Darren Helm in Jets zone.
7:48 of 1st period - Shot by Kevin Labanc.
7:48 of 1st period - Stopped by Tristan Jarry without a rebound.
7:49 of 1st period - Nick Schmaltz wins face-off versus Pavel Zacha in Jets zone.
7:57 of 1st period - Icing by Jonas Siegenthaler.
7:58 of 1st period - Nick Schmaltz wins face-off versus Pavel Zacha in Capitals zone.
8:14 of 1st period - Shot by Reilly Smith.
8:14 of 1st period - Deflect By Andre Burakovsky.
8:14 of 1st period - Stopped by Pyotr Kochetkov with a rebound.
8:16 of 1st period - Shot by Nick Schmaltz.
8:16 of 1st period - Stopped by Pyotr Kochetkov without a rebound.
8:17 of 1st period - Andreas Athanasiou wins face-off versus Elias Pettersson in Capitals zone.
8:30 of 1st period - Shot by Oliver Bjorkstrand.
8:30 of 1st period - Stopped by Pyotr Kochetkov without a rebound.
8:31 of 1st period - Michael Rasmussen wins face-off versus Nick Schmaltz in Capitals zone.
8:36 of 1st period - Nick Schmaltz is hit by Quinton Byfield and loses puck.
9:00 of 1st period - Shot by Nick Schmaltz.
9:00 of 1st period - Deflect By Andre Burakovsky.
9:00 of 1st period - Stopped by Pyotr Kochetkov with a rebound.
9:16 of 1st period - Shot by Nick Schmaltz.
9:16 of 1st period - Shot Misses the Net.
9:44 of 1st period - Icing by Elias Pettersson.
9:45 of 1st period - Andreas Athanasiou wins face-off versus Elias Pettersson in Capitals zone.
10:23 of 1st period - Shot by Gustav Nyquist.
10:23 of 1st period - Shot Hit the Post.
10:57 of 1st period - Shot by Victor Olofsson.
10:57 of 1st period - Shot Misses the Net.
10:59 of 1st period - Shot by Connor Murphy.
10:59 of 1st period - Deflect By Mark Jankowski.
10:59 of 1st period - Shot Hit the Post.
11:01 of 1st period - Shot by Torey Krug.
11:01 of 1st period - Stopped by Pyotr Kochetkov without a rebound.
11:02 of 1st period - Nick Schmaltz wins face-off versus Michael Rasmussen in Capitals zone.
11:02 of 1st period - Nick Schmaltz is hit by Ben Hutton.
11:06 of 1st period - Shot by Andre Burakovsky.
11:06 of 1st period - Shot Blocked by Ben Hutton.
11:10 of 1st period - Shot by Reilly Smith.
11:10 of 1st period - Stopped by Pyotr Kochetkov without a rebound.
11:11 of 1st period - Nick Schmaltz wins face-off versus Michael Rasmussen in Capitals zone.
11:33 of 1st period - Shot by Christian Fischer.
11:33 of 1st period - Shot Blocked by Dmitry Orlov.
11:41 of 1st period - Reilly Smith is hit by Michael Rasmussen and loses puck.
12:27 of 1st period - Andre Burakovsky is hit by Kaapo Kakko and loses puck.
12:54 of 1st period - Shot by Torey Krug.
12:54 of 1st period - Deflect By Victor Olofsson.
12:54 of 1st period - Stopped by Pyotr Kochetkov with a rebound.
13:40 of 1st period - Elias Pettersson is hit by Andreas Athanasiou and loses puck.
13:49 of 1st period - Elias Pettersson is hit by Andreas Athanasiou and loses puck.
14:26 of 1st period - Noah Dobson is hit by Gustav Nyquist and loses puck.
15:01 of 1st period - Shot by Pavel Zacha.
15:01 of 1st period - Stopped by Tristan Jarry without a rebound.
15:02 of 1st period - Nick Schmaltz wins face-off versus Michael Rasmussen in Jets zone.
15:09 of 1st period - Shot by Reilly Smith.
15:09 of 1st period - Shot Misses the Net.
15:48 of 1st period - David Kampf is hit by Nate Schmidt and loses puck.
16:09 of 1st period - Shot by Mark Jankowski.
16:09 of 1st period - Shot Blocked by David Kampf.
16:11 of 1st period - Shot by Victor Olofsson.
16:11 of 1st period - Shot Misses the Net.
16:13 of 1st period - Shot by Oskar Sundqvist.
16:13 of 1st period - Deflect By Mark Jankowski.
16:13 of 1st period - Stopped by Pyotr Kochetkov without a rebound.
16:14 of 1st period - Darren Helm wins face-off versus Pavel Zacha in Capitals zone.
16:46 of 1st period - Shot by Jordan Greenway.
16:46 of 1st period - Stopped by Tristan Jarry with a rebound.
16:48 of 1st period - Shot by Jordan Greenway.
16:48 of 1st period - Deflect By Kevin Labanc.
16:48 of 1st period - Stopped by Tristan Jarry without a rebound.
16:49 of 1st period - Pavel Zacha wins face-off versus Oliver Bjorkstrand in Jets zone.
16:56 of 1st period - Shot by Kevin Labanc.
16:56 of 1st period - Goal by Kevin Labanc - Jets : 0 - Capitals : 2.
16:57 of 1st period - Andreas Athanasiou wins face-off versus Pavel Zacha in neutral zone.
17:20 of 1st period - Shot by Gustav Nyquist.
17:20 of 1st period - Shot Misses the Net.
17:40 of 1st period - Michael Rasmussen is hit by Oliver Bjorkstrand and loses puck.
17:59 of 1st period - Off-side.
18:00 of 1st period - Elias Pettersson wins face-off versus Darren Helm in neutral zone.
18:14 of 1st period - Icing by Nate Schmidt.
18:15 of 1st period - Michael Rasmussen wins face-off versus Darren Helm in Jets zone.
18:25 of 1st period - Minor Penalty to Michael Rasmussen for Hooking.
18:26 of 1st period - Elias Pettersson wins face-off versus Nick Schmaltz in Capitals zone.
19:54 of 1st period - Shot by Dmitry Orlov.
19:54 of 1st period - Shot Misses the Net.
Goals for this period are 0 for Jets vs 2 for Capitals.
Shots for this period are 9 for Jets vs 10 for Capitals.

2nd period


0:01 of 2nd period - Elias Pettersson wins face-off versus Nick Schmaltz in neutral zone.
0:24 of 2nd period - Shot by Hampus Lindholm.
0:24 of 2nd period - Stopped by Pyotr Kochetkov with a rebound.
0:47 of 2nd period - Shot by Gustav Nyquist.
0:47 of 2nd period - Stopped by Pyotr Kochetkov without a rebound.
0:48 of 2nd period - Elias Pettersson wins face-off versus Mark Jankowski in Capitals zone.
0:52 of 2nd period - Elias Pettersson is hit by Mark Jankowski and loses puck.
1:00 of 2nd period - Icing by Ben Hutton.
1:01 of 2nd period - Nick Schmaltz wins face-off versus Elias Pettersson in Capitals zone.
1:09 of 2nd period - Matias Maccelli is hit by Connor Murphy and loses puck.
1:13 of 2nd period - Icing by Torey Krug.
1:14 of 2nd period - Nick Schmaltz wins face-off versus Pavel Zacha in Jets zone.
1:59 of 2nd period - Off-side.
2:00 of 2nd period - Mark Jankowski wins face-off versus Elias Pettersson in neutral zone.
2:16 of 2nd period - Mark Jankowski is hit by Jonas Siegenthaler and loses puck.
2:25 of 2nd period - Dmitry Orlov is hit by Elias Pettersson and loses puck.
2:34 of 2nd period - Shot by Matias Maccelli.
2:34 of 2nd period - Shot Blocked by Oskar Sundqvist.
2:36 of 2nd period - Shot by Matias Maccelli.
2:36 of 2nd period - Shot Misses the Net.
2:38 of 2nd period - Shot by Kaapo Kakko.
2:38 of 2nd period - Stopped by Tristan Jarry without a rebound.
2:39 of 2nd period - Andreas Athanasiou wins face-off versus Michael Rasmussen in Jets zone.
2:39 of 2nd period - Andreas Athanasiou is hit by Michael Rasmussen.
2:40 of 2nd period - Minor Penalty to Quinton Byfield for High sticking.
2:41 of 2nd period - Nick Schmaltz wins face-off versus Elias Pettersson in Capitals zone.
2:48 of 2nd period - Shot by Reilly Smith.
2:48 of 2nd period - Shot Misses the Net.
2:50 of 2nd period - Shot by Torey Krug.
2:50 of 2nd period - Stopped by Pyotr Kochetkov with a rebound.
2:52 of 2nd period - Shot by Hampus Lindholm.
2:52 of 2nd period - Shot Misses the Net.
3:16 of 2nd period - Kaapo Kakko is hit by Nick Schmaltz.
3:39 of 2nd period - Shot by Nate Schmidt.
3:39 of 2nd period - Shot Misses the Net.
3:43 of 2nd period - Shot by Oliver Bjorkstrand.
3:43 of 2nd period - Shot Misses the Net.
3:49 of 2nd period - Shot by Andreas Athanasiou.
3:49 of 2nd period - Shot Misses the Net.
4:35 of 2nd period - Shot by Andre Burakovsky.
4:35 of 2nd period - Stopped by Pyotr Kochetkov without a rebound.
4:36 of 2nd period - Elias Pettersson wins face-off versus Nick Schmaltz in Capitals zone.
4:54 of 2nd period - Icing by Ben Hutton.
4:55 of 2nd period - Mark Jankowski wins face-off versus Michael Rasmussen in Capitals zone.
5:45 of 2nd period - Shot by Pavel Zacha.
5:45 of 2nd period - Shot Misses the Net.
6:03 of 2nd period - Shot by Cody Ceci.
6:03 of 2nd period - Stopped by Tristan Jarry with a rebound.
6:09 of 2nd period - Shot by Pavel Zacha.
6:09 of 2nd period - Stopped by Tristan Jarry without a rebound.
6:10 of 2nd period - Nick Schmaltz wins face-off versus Elias Pettersson in Jets zone.
6:10 of 2nd period - Nick Schmaltz is hit by Matias Maccelli.
6:18 of 2nd period - Shot by Reilly Smith.
6:18 of 2nd period - Stopped by Pyotr Kochetkov without a rebound.
6:19 of 2nd period - Elias Pettersson wins face-off versus Nick Schmaltz in Capitals zone.
7:11 of 2nd period - Hampus Lindholm is hit by Elias Pettersson and loses puck.
7:34 of 2nd period - Shot by Kevin Labanc.
7:34 of 2nd period - Shot Misses the Net.
7:36 of 2nd period - Shot by Jordan Greenway.
7:36 of 2nd period - Shot Blocked by Hampus Lindholm.
8:18 of 2nd period - Shot by Oliver Bjorkstrand.
8:18 of 2nd period - Shot Blocked by Christian Fischer.
8:20 of 2nd period - Shot by Oliver Bjorkstrand.
8:20 of 2nd period - Goal by Oliver Bjorkstrand - Jets : 1 - Capitals : 2.
8:21 of 2nd period - Michael Rasmussen wins face-off versus Andreas Athanasiou in neutral zone.
8:58 of 2nd period - Icing by Ben Hutton.
8:59 of 2nd period - Michael Rasmussen wins face-off versus Darren Helm in Capitals zone.
9:42 of 2nd period - Shot by Matias Maccelli.
9:42 of 2nd period - Stopped by Tristan Jarry without a rebound.
9:43 of 2nd period - Pavel Zacha wins face-off versus Andreas Athanasiou in Jets zone.
9:57 of 2nd period - Icing by Torey Krug.
9:58 of 2nd period - Elias Pettersson wins face-off versus Andreas Athanasiou in Jets zone.
10:03 of 2nd period - Shot by Kaapo Kakko.
10:03 of 2nd period - Stopped by Tristan Jarry without a rebound.
10:04 of 2nd period - Quinton Byfield wins face-off versus Mark Jankowski in Jets zone.
10:13 of 2nd period - Shot by Elias Pettersson.
10:13 of 2nd period - Deflect By Pavel Zacha.
10:13 of 2nd period - Shot Misses the Net.
10:15 of 2nd period - Shot by Noah Dobson.
10:15 of 2nd period - Stopped by Tristan Jarry without a rebound.
10:16 of 2nd period - Elias Pettersson wins face-off versus Andreas Athanasiou in Jets zone.
10:57 of 2nd period - Icing by Hampus Lindholm.
10:58 of 2nd period - Pavel Zacha wins face-off versus Andreas Athanasiou in Jets zone.
11:03 of 2nd period - Shot by Kevin Labanc.
11:03 of 2nd period - Stopped by Tristan Jarry with a rebound.
11:08 of 2nd period - Dmitry Orlov is hit by Cody Ceci.
11:17 of 2nd period - Icing by Noah Dobson.
11:18 of 2nd period - Nick Schmaltz wins face-off versus Pavel Zacha in Capitals zone.
11:27 of 2nd period - Shot by Reilly Smith.
11:27 of 2nd period - Stopped by Pyotr Kochetkov with a rebound.
11:31 of 2nd period - Shot by Andre Burakovsky.
11:31 of 2nd period - Shot Misses the Net.
11:32 of 2nd period - Minor Penalty to Cody Ceci for Holding.
11:33 of 2nd period - Elias Pettersson wins face-off versus Nick Schmaltz in Capitals zone.
11:48 of 2nd period - Shot by Nick Schmaltz.
11:48 of 2nd period - Stopped by Pyotr Kochetkov with a rebound.
11:50 of 2nd period - Shot by Hampus Lindholm.
11:50 of 2nd period - Shot Misses the Net.
11:52 of 2nd period - Shot by Hampus Lindholm.
11:52 of 2nd period - Shot Misses the Net.
11:54 of 2nd period - Shot by Hampus Lindholm.
11:54 of 2nd period - Shot Misses the Net.
12:08 of 2nd period - Shot by Torey Krug.
12:08 of 2nd period - Goal by Torey Krug - Jets : 2 - Capitals : 2.
12:09 of 2nd period - Michael Rasmussen wins face-off versus Andreas Athanasiou in neutral zone.
13:05 of 2nd period - Off-side.
13:06 of 2nd period - Elias Pettersson wins face-off versus Reilly Smith in neutral zone.
13:09 of 2nd period - Shot by Kaapo Kakko.
13:09 of 2nd period - Stopped by Tristan Jarry without a rebound.
13:10 of 2nd period - Nick Schmaltz wins face-off versus Elias Pettersson in Jets zone.
13:18 of 2nd period - Andre Burakovsky is hit by Brad Hunt and loses puck.
13:30 of 2nd period - Reilly Smith is hit by Brad Hunt and loses puck.
13:49 of 2nd period - Shot by Andre Burakovsky.
13:49 of 2nd period - Shot Misses the Net.
14:02 of 2nd period - Icing by Elias Pettersson.
14:03 of 2nd period - Darren Helm wins face-off versus Elias Pettersson in Capitals zone.
14:04 of 2nd period - Shot by Thomas Novak.
14:04 of 2nd period - Shot Misses the Net.
14:20 of 2nd period - Off-side.
14:21 of 2nd period - Oliver Bjorkstrand wins face-off versus Pavel Zacha in neutral zone.
14:30 of 2nd period - Shot by Andreas Athanasiou.
14:30 of 2nd period - Stopped by Pyotr Kochetkov without a rebound.
14:31 of 2nd period - Pavel Zacha wins face-off versus Mark Jankowski in Capitals zone.
15:06 of 2nd period - Shot by Pavel Zacha.
15:06 of 2nd period - Shot Blocked by Connor Murphy.
15:32 of 2nd period - Nick Schmaltz is hit by Jordan Greenway and loses puck.
15:59 of 2nd period - Shot by Reilly Smith.
15:59 of 2nd period - Stopped by Pyotr Kochetkov without a rebound.
16:00 of 2nd period - Elias Pettersson wins face-off versus Gustav Nyquist in Capitals zone.
16:36 of 2nd period - Nate Schmidt is hit by Matias Maccelli and loses puck.
16:40 of 2nd period - Icing by Nate Schmidt.
16:41 of 2nd period - Andreas Athanasiou wins face-off versus Michael Rasmussen in Jets zone.
16:41 of 2nd period - Andreas Athanasiou is hit by Quinton Byfield.
17:34 of 2nd period - Andre Burakovsky is hit by Ben Hutton and loses puck.
17:57 of 2nd period - Minor Penalty to David Kampf for Hooking.
17:58 of 2nd period - Elias Pettersson wins face-off versus Andreas Athanasiou in Capitals zone.
18:26 of 2nd period - Andreas Athanasiou is hit by Jonas Siegenthaler and loses puck.
18:32 of 2nd period - Victor Olofsson is hit by Brad Hunt.
19:29 of 2nd period - Shot by Torey Krug.
19:29 of 2nd period - Shot Misses the Net.
19:45 of 2nd period - Icing by Torey Krug.
19:46 of 2nd period - Andreas Athanasiou wins face-off versus Elias Pettersson in Jets zone.
Goals for this period are 2 for Jets vs 0 for Capitals.
Shots for this period are 11 for Jets vs 8 for Capitals.

3rd period


0:01 of 3rd period - Nick Schmaltz wins face-off versus Quinton Byfield in neutral zone.
0:30 of 3rd period - Icing by Cody Ceci.
0:31 of 3rd period - Garnet Hathaway wins face-off versus Quinton Byfield in Capitals zone.
0:53 of 3rd period - Shot by Cody Ceci.
0:53 of 3rd period - Stopped by Tristan Jarry with a rebound.
0:55 of 3rd period - Shot by Elias Pettersson.
0:55 of 3rd period - Stopped by Tristan Jarry without a rebound.
0:56 of 3rd period - Elias Pettersson wins face-off versus Andreas Athanasiou in Jets zone.
1:43 of 3rd period - Icing by Oliver Bjorkstrand.
1:44 of 3rd period - Andreas Athanasiou wins face-off versus Michael Rasmussen in Jets zone.
3:06 of 3rd period - Shot by Reilly Smith.
3:06 of 3rd period - Shot Misses the Net.
3:28 of 3rd period - Shot by Nick Schmaltz.
3:28 of 3rd period - Deflect By Andre Burakovsky.
3:28 of 3rd period - Shot Blocked by Ben Hutton.
3:57 of 3rd period - Off-side.
3:58 of 3rd period - Darren Helm wins face-off versus Elias Pettersson in neutral zone.
4:07 of 3rd period - Shot by Darren Helm.
4:07 of 3rd period - Goal by Darren Helm - Jets : 3 - Capitals : 2.
4:08 of 3rd period - Mark Jankowski wins face-off versus Michael Rasmussen in neutral zone.
4:08 of 3rd period - Mark Jankowski is hit by Quinton Byfield.
4:49 of 3rd period - Icing by Colin Miller.
4:50 of 3rd period - Elias Pettersson wins face-off versus Mark Jankowski in Jets zone.
4:57 of 3rd period - Shot by Elias Pettersson.
4:57 of 3rd period - Shot Misses the Net.
5:22 of 3rd period - Icing by Victor Olofsson.
5:23 of 3rd period - Mark Jankowski wins face-off versus Pavel Zacha in Jets zone.
5:23 of 3rd period - Mark Jankowski is hit by Jordan Greenway.
6:00 of 3rd period - Shot by Kevin Labanc.
6:00 of 3rd period - Stopped by Tristan Jarry without a rebound.
6:01 of 3rd period - Elias Pettersson wins face-off versus Nick Schmaltz in Jets zone.
6:22 of 3rd period - Shot by Reilly Smith.
6:22 of 3rd period - Stopped by Pyotr Kochetkov with a rebound.
6:24 of 3rd period - Shot by Reilly Smith.
6:24 of 3rd period - Shot Misses the Net.
7:10 of 3rd period - Jonas Siegenthaler is hit by Garnet Hathaway and loses puck.
7:28 of 3rd period - Minor Penalty to Jonas Siegenthaler for Holding.
7:29 of 3rd period - Elias Pettersson wins face-off versus Andreas Athanasiou in Capitals zone.
7:37 of 3rd period - Icing by Torey Krug.
7:38 of 3rd period - Elias Pettersson wins face-off versus Andreas Athanasiou in Jets zone.
8:18 of 3rd period - Shot by Andre Burakovsky.
8:18 of 3rd period - Stopped by Pyotr Kochetkov without a rebound.
8:19 of 3rd period - Michael Rasmussen wins face-off versus Nick Schmaltz in Capitals zone.
8:19 of 3rd period - Michael Rasmussen is hit by Nick Schmaltz.
8:30 of 3rd period - Icing by Dmitry Orlov.
8:31 of 3rd period - Elias Pettersson wins face-off versus Nick Schmaltz in Jets zone.
8:58 of 3rd period - Shot by Andre Burakovsky.
8:58 of 3rd period - Shot Misses the Net.
9:00 of 3rd period - Shot by Dmitry Orlov.
9:00 of 3rd period - Shot Misses the Net.
9:51 of 3rd period - Icing by Ben Hutton.
9:52 of 3rd period - Michael Rasmussen wins face-off versus Andreas Athanasiou in Capitals zone.
10:07 of 3rd period - Shot by Christian Fischer.
10:07 of 3rd period - Shot Blocked by Dmitry Orlov.
10:09 of 3rd period - Shot by David Kampf.
10:09 of 3rd period - Shot Misses the Net.
10:11 of 3rd period - Shot by Quinton Byfield.
10:11 of 3rd period - Stopped by Tristan Jarry with a rebound.
10:20 of 3rd period - Icing by Hampus Lindholm.
10:21 of 3rd period - Pavel Zacha wins face-off versus Andreas Athanasiou in Jets zone.
10:54 of 3rd period - Shot by Andre Burakovsky.
10:54 of 3rd period - Shot Misses the Net.
10:56 of 3rd period - Shot by Andre Burakovsky.
10:56 of 3rd period - Shot Misses the Net.
11:22 of 3rd period - Icing by Noah Dobson.
11:23 of 3rd period - Pavel Zacha wins face-off versus Darren Helm in Capitals zone.
11:44 of 3rd period - Darren Helm is hit by Kaapo Kakko and loses puck.
12:07 of 3rd period - Icing by Nate Schmidt.
12:08 of 3rd period - Michael Rasmussen wins face-off versus Darren Helm in Jets zone.
12:35 of 3rd period - Shot by Reilly Smith.
12:35 of 3rd period - Shot Misses the Net.
12:41 of 3rd period - Shot by Nick Schmaltz.
12:41 of 3rd period - Shot Blocked by David Kampf.
13:31 of 3rd period - Shot by Andreas Athanasiou.
13:31 of 3rd period - Stopped by Pyotr Kochetkov without a rebound.
13:32 of 3rd period - Kevin Labanc wins face-off versus Mark Jankowski in Capitals zone.
14:05 of 3rd period - Off-side.
14:06 of 3rd period - Elias Pettersson wins face-off versus Andreas Athanasiou in neutral zone.
14:28 of 3rd period - Andreas Athanasiou is hit by Kaapo Kakko and loses puck.
14:39 of 3rd period - Colin Miller is hit by Elias Pettersson and loses puck.
14:46 of 3rd period - Shot by Elias Pettersson.
14:46 of 3rd period - Stopped by Tristan Jarry without a rebound.
14:47 of 3rd period - Pavel Zacha wins face-off versus Nick Schmaltz in Jets zone.
15:19 of 3rd period - Icing by Hampus Lindholm.
15:20 of 3rd period - Michael Rasmussen wins face-off versus Nick Schmaltz in Jets zone.
15:52 of 3rd period - Icing by David Kampf.
15:53 of 3rd period - Michael Rasmussen wins face-off versus Andreas Athanasiou in Capitals zone.
16:06 of 3rd period - Shot by Oliver Bjorkstrand.
16:06 of 3rd period - Shot Misses the Net.
17:20 of 3rd period - Icing by Nate Schmidt.
17:21 of 3rd period - Pavel Zacha wins face-off versus Mark Jankowski in Jets zone.
17:33 of 3rd period - Off-side.
17:34 of 3rd period - Nick Schmaltz wins face-off versus Pavel Zacha in neutral zone.
17:41 of 3rd period - Shot by Andre Burakovsky.
17:41 of 3rd period - Stopped by Pyotr Kochetkov without a rebound.
17:42 of 3rd period - Michael Rasmussen wins face-off versus Nick Schmaltz in Capitals zone.
19:01 of 3rd period - Capitals, Pyotr Kochetkov is pulled from the net.
19:22 of 3rd period - Off-side.
19:23 of 3rd period - Andreas Athanasiou wins face-off versus Elias Pettersson in neutral zone.
Goals for this period are 1 for Jets vs 0 for Capitals.
Shots for this period are 5 for Jets vs 5 for Capitals.